 Dungeon Crawl Stone Soup version 0.20-a0-971-g5896763 (webtiles) character file.

84 Koga the Slasher (level 4, 0/35 HPs)
             Began as a Formicid Fighter on Apr 8, 2017.
             Killed by nerve-wracking pain
             ... invoked by Grinder
              (14 damage)
             ... on level 3 of the Dungeon.
             The game lasted 00:05:12 (2109 turns).

Koga the Slasher (Formicid Fighter)                 Turns: 2109, Time: 00:05:12

Health: 0/35       AC:  8    Str: 21    XL:     4   Next: 74%
Magic:  4/4        EV:  7    Int:  8    God:
Gold:   77         SH:  9    Dex: 10    Spells: 3/3 levels left

rFire    x . .     SeeInvis +   a - +0 long sword
rCold    + . .     Gourm    +   c - +0 shield
rNeg     . . .     Faith    .   b - +0 scale mail
rPois    .         Spirit   .   (helmet unavailable)
rElec    .         Reflect  .   p - +0 cloak
rCorr    +         Harm     .   (no gloves)
MR       .....                  (no boots)
Stlth    ..........             n - amulet of the gourmand
Regen    0.2/turn               i - ring of resist corrosion
MPRegen  0.1/turn               t - ring of ice

@: no status effects
A: permanent stasis, dig shafts and tunnels, four strong arms, antennae 3
a: Dig, Shaft Self


You were on level 3 of the Dungeon.
You were completely stuffed.

You visited 1 branch of the dungeon, and saw 4 of its levels.

You collected 77 gold pieces.

Inventory:

Hand Weapons
 a - a +0 long sword (weapon)
Armour
 b - a +0 scale mail (worn)
 c - a +0 shield (worn)
 p - a +0 cloak (worn)
Jewellery
 i - a ring of resist corrosion (left hand)
 n - an amulet of the gourmand (around neck)
 t - a ring of ice (right hand)
Scrolls
 g - 3 scrolls of identify {unknown}
 j - a scroll of amnesia {unknown}
 o - a scroll of fear {unknown}
 q - a scroll of enchant armour {unknown}
 u - a scroll of teleportation {unknown}
Potions
 d - a potion of might
 e - a potion of berserk rage {unknown}
 h - 2 potions of curing
 l - 2 potions of heal wounds {unknown}
 m - a potion of mutation {unknown}
 r - a potion of agility {unknown}
 s - 2 potions of ambrosia {unknown}
Comestibles
 f - 2 bread rations
 k - 3 royal jellies
 v - 4 fruits
 w - a chunk of flesh


   Skills:
 - Level 3.2 Fighting
 + Level 4.5 Long Blades
 - Level 3.2 Armour
 - Level 3.6 Shields


You had 3 spell levels left.
You didn't know any spells.

Dungeon Overview and Level Annotations

Branches:
Dungeon (4/15)
 Temple: D:4-7

Altars:
Hepliaklqana
Nemelex Xobeh

Shops:
D:4 }

Annotations:
D:3 Grinder


Innate Abilities, Weirdness & Mutations

You cannot be hasted, slowed, berserked, paralysed or teleported.
You can dig through walls and to a lower floor.
Your four strong arms can wield two-handed weapons with a shield.
You have a pair of large antennae on your head. (SInv)


Message History

Grinder is lightly wounded.
Grinder gestures at you. Pain shoots through your body!
* * * LOW HITPOINT WARNING * * *
Grinder says, "At least Makhleb appreciates what I'm doing."
There is a stone staircase leading up here.
You can't go down here!
Grinder gestures at you.
Your stasis prevents you from being paralysed.
You climb upwards.
There is a stone staircase leading down here.
Your shield and scale mail prevent you from hitting Grinder.
Grinder is lightly wounded.
Grinder hits you but does no damage. Grinder barely misses you.
It was a potion of curing.
You feel better. You block Grinder's attack.
You hit Grinder.
Grinder is lightly wounded.
Grinder gestures at you. Pain shoots through your body!
You die...

#.#####..# #........# #######.##
###.### #.....# # #.#.#.# ######
#######.#.#.### #.....
....#.........##### #.####
###.#.#........[@.# #.#
##....#.....#.###5# #.# ##
#........#.#.# #.# #.###.
#....#.#.#.#.# #.# #..)..
#####.........###################
...######'#####..................
##.# ##...#####...#...#...#...#.
.#.# ##.....##...................
.#.###.......#.#...#...#...#...#.


You could see Grinder.

Vanquished Creatures
  2 adders (D:3)
  An ooze (D:3)
  3 worms
  A dart slug (D:3)
  A leopard gecko (D:1)
  2 orcs (D:3)
  4 giant cockroaches
  6 goblins
  A hobgoblin (D:3)
  4 jackals (D:1)
  6 kobolds
  9 bats
  2 frilled lizards
  10 rats
52 creatures vanquished.

Vanquished Creatures (others)
  An orc (D:4)
1 creature vanquished.

Grand Total: 53 creatures vanquished

Notes
Turn   | Place    | Note
-------+----------+-------------------------------------------
     0 | D:1      | Koga the Formicid Fighter began the quest for the Orb.
     0 | D:1      | Reached XP level 1. HP: 18/18 MP: 1/1
    30 | D:1      | Reached XP level 2. HP: 18/24 MP: 2/2
    91 | D:1      | Reached skill level 3 in Long Blades
   319 | D:1      | Reached XP level 3. HP: 29/29 MP: 3/3
   880 | D:3      | Found a hazy altar of Hepliaklqana.
  1141 | D:3      | Found a sparkling altar of Nemelex Xobeh.
  1168 | D:3      | Reached skill level 4 in Long Blades
  1168 | D:3      | Reached XP level 4. HP: 35/35 MP: 4/4
  1762 | D:4      | Found Tuiqu's Gadget Shop.
  1779 | D:4      | Noticed Grinder
  2109 | D:3      | Killed from afar by Grinder

Vault maps used:
D:1:      saegor_arrival_simple_c
D:2:      uniq_sigmund
D:3:      nemelex_xobeh_ov_fountains_minmay, lemuel_coloured_pillars_altar,
          first_bread
D:4:      nicolae_overflow_hidden_temple, serial_shops, shop, uniq_grinder

Skill      XL: |  1  2  3 |
---------------+----------+-----
Long Blades    | 3 4 |  4.5
Fighting       | |  3.2
Armour         | |  3.2
Shields        | |  3.6

Action                   |  1- 3 |  4- 6 || total
-------------------------+-------+-------++-------
Melee: Long sword        |   108 |    53 ||   161
 Abil: Dig               |       |     1 ||     1
  Use: Potion            |       |     1 ||     1
  Eat: Chunk             |     1 |    15 ||    16
Armor: Scale mail        |    48 |    21 ||    69
Dodge: Dodged            |    44 |    14 ||    58
Block: Shield            |    67 |    23 ||    90
       Rpst.: Long sword |    14 |     3 ||    17
